 Dungeon Crawl Stone Soup version 0.17-a0-1646-geb1493d (webtiles) character file.

79 patman the Conjurer (level 4, -1/32 HPs)
             Began as a Human Wanderer on Aug 9, 2015.
             Slain by a human zombie (6 damage)
             ... on level 4 of the Dungeon.
             The game lasted 00:07:45 (2615 turns).

patman the Conjurer (Human Wanderer)                Turns: 2615, Time: 00:07:45

Health: -1/32      AC:  5    Str: 11    XL:     4   Next: 62%
Magic:  1/7        EV: 12    Int: 13    God:
Gold:   173        SH:  0    Dex: 14    Spells: 3 memorised, 1 level left

rFire  . . .     SeeInvis .     e - +0 dagger
rCold  . . .     Clarity  .     d - +0 robe
rNeg   . . .     SustAt   .     (no shield)
rPois  .         Gourm    .     (no helmet)
rElec  .         Spirit   .     (no cloak)
rCorr  .         Warding  .     n - +2 pair of gloves
rMut   .         Stasis   .     (no boots)
MR     .....                    (no amulet)
Stlth  ++........               (no ring)
                                (no ring)

@: not resistant to hostile enchantments, unstealthy
A: no striking features
a: no special abilities


You were on level 4 of the Dungeon.
You were near starving.

You visited 1 branch of the dungeon, and saw 4 of its levels.

You collected 173 gold pieces.

Inventory:

Hand weapons
 e - a +0 dagger (weapon)
Missiles
 h - 170 stones
 l - 25 poisoned needles
 r - 4 tomahawks (quivered)
Armour
 d - a +0 robe (worn)
 n - a +2 pair of gloves (worn)
Scrolls
 g - a scroll of teleportation
 i - a scroll of recharging {unknown}
 o - a scroll of remove curse
 p - 2 scrolls of amnesia {unknown}
 s - a scroll of identify {unknown}
Potions
 c - 3 potions of curing
 j - a potion of mutation {unknown}
 k - a potion of cure mutation {unknown}
 q - a potion of flight {unknown}
 t - a potion of resistance {unknown}
 u - a potion of haste {unknown}
Books
 a - a book of Geomancy

   Spells                             Type                      Level
   a - Sandblast                      Earth                        1
   b - Stoneskin                      Transmutation/Earth          2
   c - Passwall                       Transmutation/Earth          3
   d - Stone Arrow                    Conjuration/Earth            3
   e - Petrify                        Transmutation/Earth          4
   f - Lee's Rapid Deconstruction     Earth                        5
 b - the Almanac of Venom

   Spells                             Type                      Level
   a - Sting                          Conjuration/Poison           1
   b - Ignite Poison                  Fire/Transmutation/Poison    3
 m - a Necronomicon

   Spells                             Type                      Level
   a - Haunt                          Necromancy/Summoning         7
   b - Borgnjor's Revivification      Necromancy                   8
   c - Death's Door                   Charms/Necromancy            8
   d - Necromutation                  Transmutation/Necromancy     8
Comestibles
 f - 3 bread rations


   Skills:
 - Level 1.0 Fighting
 - Level 1.0 Dodging
 - Level 1.0 Stealth
   Level 2.0 Shields
 - Level 2.0 Spellcasting
 * Level 3.2 Conjurations
 - Level 3.0 Earth Magic
 - Level 1.7 Poison Magic


You had one spell level left.
You knew the following spells:

 Your Spells              Type           Power        Failure   Level  Hunger
a - Sting                 Conj/Pois      #...         12%         1    ##.....
c - Stone Arrow           Conj/Erth      #.....       21%         3    ####...
O - Stoneskin             Trmt/Erth      #.......     21%         2    ###....


Dungeon Overview and Level Annotations

Branches:
Dungeon (4/15)
 Temple: D:4-7

Altars:
Ashenzari
Zin

Portals:
Ossuary: D:4

Annotations:
D:3 patman's ghost, average VSNe


Message History

* * * LOW HITPOINT WARNING * * *
Drink which item? (? for menu, Esc to quit)
You feel better. The human zombie barely misses you.
Drink which item? (? for menu, Esc to quit)
You feel better. The human zombie closely misses you.
You hit the human zombie but do no damage.
You hit the human zombie.
The human zombie hits you but does no damage.
You hit the human zombie.
You hear the brisk hiss of a distant avalanche of sand.
The human zombie hits you but does no damage.
You hit the human zombie but do no damage.
The human zombie closely misses you.
You completely miss the human zombie. The human zombie hits you!
* * * LOW HITPOINT WARNING * * *
You hit the human zombie. You hit the human zombie. The human zombie hits you.
* * * LOW HITPOINT WARNING * * *
You hit the human zombie. The human zombie hits you.
You die...

##.## #..# ##.#
##..# #..## #
#..# #. #..##
#). ##.Z##
#..########
###@#
##.........##
##.#
............#
#..............#
### #........#
##..<.l..#
##......#
#.......
#.......
..#####.


You could see a human zombie.

Vanquished Creatures
  A hound (D:4)
  An adder (D:2)
  3 worms
  A giant gecko (D:3)
  An orc (D:3)
  4 bats
  2 giant cockroaches
  4 goblins (D:1)
  3 hobgoblins
  2 quokkas
  A ball python (D:2)
  4 giant newts
  4 kobolds
  4 rats
35 creatures vanquished.

Notes
Turn   | Place    | Note
--------------------------------------------------------------
     0 | D:1      | patman the Human Wanderer began the quest for the Orb.
     0 | D:1      | patman set off with: a book of Geomancy, the Almanac of Venom, a potion of curing, a +0 robe, a +0 dagger, a bread ration
     0 | D:1      | Reached XP level 1. HP: 15/15 MP: 3/3
     0 | D:1      | Identified the Almanac of Venom
     2 | D:1      | Learned a level 1 spell: Sting
   299 | D:1      | Reached skill level 1 in Conjurations
   310 | D:1      | Reached skill level 1 in Poison Magic
   310 | D:1      | Reached XP level 2. HP: 11/21 MP: 0/5
   383 | D:1      | Learned a level 2 spell: Stoneskin
  1040 | D:2      | Reached XP level 3. HP: 21/26 MP: 0/6
  1433 | D:2      | Learned a level 3 spell: Stone Arrow
  1486 | D:3      | Noticed patman's ghost (average VSNe)
  1646 | D:3      | Found a glowing silver altar of Zin.
  2305 | D:3      | Found a shattered altar of Ashenzari.
  2318 | D:3      | Reached XP level 4. HP: 32/32 MP: 3/7
  2561 | D:4      | Found a sand-covered staircase.
  2615 | D:4      | Slain by a human zombie

Vault maps used:
D:1:      nagdon_arrival_double_spiral
D:3:      lemuel_doored_altar, first_bread, cheibrodos_ashenzari_chains
D:4:      serial_shops, nicolae_shop_behind_doors, enter_ossuary_3, uniq_grinder

Action                   |  1- 3 |  4- 6 || total
-------------------------+-------+-------++-------
Melee: Dagger            |    84 |    36 ||   120
 Cast: Sting             |    50 |    14 ||    64
       Stone Arrow       |       |     1 ||     1
  Use: Scroll            |     4 |       ||     4
       Potion            |       |     2 ||     2
 Stab: Sleeping          |     3 |       ||     3
  Eat: Chunk             |     4 |       ||     4
       Beef jerky        |     1 |       ||     1
